 Dungeon Crawl Stone Soup version 0.20.1-1-g8b1a95d (console) character file.

142 hilaritas the Chiller (level 5, 0/28 HPs)
             Began as a Deep Elf Ice Elementalist on Sept 23, 2017.
             Slain by Grinder (9 damage)
             ... on level 3 of the Dungeon.
             The game lasted 00:05:00 (2641 turns).

hilaritas the Chiller (Deep Elf Ice Elementalist)   Turns: 2641, Time: 00:05:01

Health: 0/28       AC: 11    Str:  6    XL:     5   Next: 4%
Magic:  11/14      EV: 13    Int: 20    God:
Gold:   111        SH:  0    Dex: 15    Spells: 0/14 levels left

rFire    . . .     SeeInvis .   h - +2 dagger (drain)
rCold    . . .     Gourm    .   (no shield)
rNeg     . . .     Faith    .   j - +2 animal skin
rPois    .         Spirit   .   k - +0 helmet
rElec    .         Reflect  .   (no cloak)
rCorr    .         Harm     .   (no gloves)
MR       .....                  (no boots)
Stlth    +.........             (no amulet)
Regen    0.1/turn               (no ring)
MPRegen  0.2/turn               (no ring)

@: confused, icy armour, slow
A: no striking features
a: no special abilities


You were on level 3 of the Dungeon.
You were not hungry.

You visited 1 branch of the dungeon, and saw 3 of its levels.

You collected 111 gold pieces.

Inventory:

Hand Weapons
 h - a +2 dagger of draining (weapon)
Missiles
 v - 13 arrows
Armour
 j - a +2 animal skin (worn)
 k - a +0 helmet (worn)
Jewellery
 r - an uncursed ring of see invisible {unknown}
Scrolls
 d - 2 scrolls of enchant armour {unknown}
 e - 5 scrolls of identify {unknown}
 n - a scroll of enchant weapon {unknown}
 o - a scroll of remove curse {unknown}
 q - a scroll of fear {unknown}
 t - a scroll of random uselessness {unknown}
Potions
 f - a potion of berserk rage {unknown}
 l - a potion of flight {unknown}
 m - a potion of resistance {unknown}
 p - a potion of brilliance {unknown}
 s - a potion of mutation {unknown}
 u - a potion of degeneration {unknown}
Books
 b - a book of Frost

   Spells                             Type                      Level
   a - Freeze                         Ice                          1
   b - Throw Frost                    Conjuration/Ice              2
   c - Ozocubu's Armour               Charms/Ice                   3
   d - Throw Icicle                   Conjuration/Ice              4
   e - Summon Ice Beast               Ice/Summoning                4
Comestibles
 c - 3 bread rations
 i - 2 chunks of flesh


   Skills:
 - Level 2.4 Dodging
 - Level 2.4 Stealth
 * Level 5.0 Spellcasting
 - Level 2.0 Conjurations
 - Level 5.0 Ice Magic


You couldn't memorise any spells.
You knew the following spells:

 Your Spells              Type           Power        Failure   Level  Hunger
a - Freeze                Ice            ####         1%          1    None
b - Throw Frost           Conj/Ice       ###...       4%          2    None
c - Ozocubu's Armour      Chrm/Ice       ###.....     12%         3    ##.....
d - Throw Icicle          Conj/Ice       ###.....     26%         4    ####...
e - Summon Ice Beast      Ice/Summ       ###.....     38%         4    ####...


Dungeon Overview and Level Annotations

Branches:
Dungeon (3/15)

Altars:

Annotations:
D:3 Grinder


Message History

Confirm with . or Enter, or press ? or * to list all spells.
Aiming: Freeze
Press: ? - help, Shift-Dir - straight line, f - ball python, p - Grinder
Aim: a ball python (constricting you)
You freeze the ball python.
You kill the ball python!
Casting: Freeze
Confirm with . or Enter, or press ? or * to list all spells.
Aiming: Throw Frost
Press: ? - help, Shift-Dir - straight line, f - Grinder
Aim: Grinder (moderately wounded, unusually strong)
The puff of frost misses Grinder.
It was a potion of ambrosia.
You are confused.
You feel invigorated. Grinder hits you.
* * * LOW HITPOINT WARNING * * *
You writhe in agony.
* * * LOW HITPOINT WARNING * * *
Grinder hits you!
You die...

..............###
..............!...
...#..#............
...................
..##.##.....###....
#..#....## ....
###....##.# ...
...........#
...........#
..........5##
.........@..#
.........<#...#
###########..## ..#
... .... .....
......


You could see Grinder.

Vanquished Creatures
  Natasha (thrice) (D:2)
  Robin (D:2)
  2 adders (D:2)
  A worm (D:2)
  A dart slug (D:2)
  A leopard gecko (D:2)
  2 giant cockroaches
  9 goblins
  2 hobgoblins (D:2)
  3 kobolds
  A ball python (D:3)
  5 bats
  3 frilled lizards
  7 rats
41 creatures vanquished.

Notes
Turn   | Place    | Note
-------+----------+-------------------------------------------
     0 | D:1      | hilaritas the Deep Elf Ice Elementalist began the quest for the Orb.
     0 | D:1      | Reached XP level 1. HP: 10/10 MP: 6/6
   681 | D:1      | Reached XP level 2. HP: 15/15 MP: 6/8
   685 | D:1      | Learned a level 2 spell: Throw Frost
  1020 | D:2      | Noticed Robin
  1025 | D:2      | Killed Robin
  1106 | D:2      | Reached XP level 3. HP: 15/19 MP: 6/9
  1111 | D:2      | Learned a level 3 spell: Ozocubu's Armour
  1358 | D:2      | Noticed Natasha
  1362 | D:2      | Killed Natasha
  1362 | D:2      | Reached skill level 5 in Ice Magic
  1954 | D:2      | Noticed Natasha
  1959 | D:2      | Killed Natasha
  1959 | D:2      | Reached XP level 4. HP: 14/24 MP: 4/11
  2088 | D:2      | Learned a level 4 spell: Throw Icicle
  2119 | D:2      | Noticed Natasha
  2124 | D:2      | Killed Natasha
  2443 | D:2      | Reached XP level 5. HP: 28/28 MP: 10/14
  2457 | D:2      | Reached skill level 5 in Spellcasting
  2591 | D:3      | Learned a level 4 spell: Summon Ice Beast
  2604 | D:3      | Noticed Grinder
  2630 | D:3      | HP: 1/28 [Grinder (6)]
  2632 | D:3      | Paralysed by Grinder for 6 turns
  2641 | D:3      | Slain by Grinder

Skill      XL: |  1  2  3  4  5 |
---------------+----------------+-----
Ice Magic      | 4 5 |  5.0
Conjurations   | 2 |  2.0
Spellcasting   | 4 5 |  5.0
Dodging        | |  2.4
Stealth        | |  2.4

Action                   |  1- 3 |  4- 6 || total
-------------------------+-------+-------++-------
Melee: Dagger            |     6 |     7 ||    13
 Cast: Freeze            |    39 |    28 ||    67
       Throw Frost       |     5 |     2 ||     7
       Ozocubu's Armour  |       |     1 ||     1
  Use: Potion            |       |     4 ||     4
  Eat: Chunk             |     3 |     2 ||     5
Armor: Robe              |     4 |       ||     4
       Animal skin       |     5 |    16 ||    21
Dodge: Dodged            |    21 |    13 ||    34
